MLB
SEATTLE MARINERS @ TORONTO BLUE JAYS
08/18/2019
 
TOP OF THE 1ST
Seattle Mariners batting - Pitching for Toronto Blue Jays : RHP Michael Fulmer
Pitching: RHP Michael Fulmer
Batting: LHB Ben Revere 0-0: Foul Ball, location: 2F
0-1: Foul Ball, location: 2F
0-2: Ground out 6-3 (Groundball, 6, EV 87.5 MPH)
Batting: LHB Brandon Nimmo 0-0: SINGLE (Groundball, 4MD, EV 95.6 MPH)
Batting: RHB Manny Machado 0-0: Ball
1-0: SINGLE (Flyball, 7S, EV 95.6 MPH)
Brandon Nimmo to second
Batting: RHB Brian Dozier 0-0: Called Strike
0-1: Ball
1-1: Ball
2-1: Foul Ball, location: 2F
2-2: Ball
3-2: Strikes out looking
Batting: RHB Willians Astudillo 0-0: Foul Ball, location: 2F
0-1: Ball
1-1: Ground out 6-3 (Groundball, 6S, EV 65.6 MPH)
Top of the 1st over - 0 runs, 2 hits, 0 errors, 2 left on base; Seattle 0 - Toronto 0
BOTTOM OF THE 1ST
Toronto Blue Jays batting - Pitching for Seattle Mariners : RHP Luis M. Castillo
Pitching: RHP Luis M. Castillo
Batting: RHB Keon Broxton 0-0: Ball
1-0: Called Strike
1-1: Ball
2-1: Swinging Strike
2-2: Strikes out swinging
Batting: RHB Elvis Andrus 0-0: Ball
1-0: Ball
2-0: Ball
3-0: Base on Balls
Batting: RHB Nicholas Castellanos 0-0: Called Strike
0-1: Called Strike
0-2: Hit by Pitch
Elvis Andrus to second
Batting: SHB Josh Bell 0-0: Called Strike
0-1: Fly out, F9 (Flyball, 9S, EV 85.6 MPH)
Batting: RHB Yoenis Cespedes 0-0: Called Strike
0-1: SINGLE (Groundball, 34D, EV 105.6 MPH)
Elvis Andrus to third
Nicholas Castellanos to second
Runner from 3rd tries for Home, SAFE, no throw by RF
Batting: RHB Aledmys Diaz 0-0: Swinging Strike
0-1: Foul Ball, location: 2F
0-2: Strikes out looking
Bottom of the 1st over - 1 run, 1 hit, 0 errors, 2 left on base; Seattle 0 - Toronto 1
TOP OF THE 2ND
Seattle Mariners batting - Pitching for Toronto Blue Jays : RHP Michael Fulmer
Batting: RHB Matt Kemp 0-0: Called Strike
0-1: Called Strike
0-2: Fly out, F9 (Flyball, 9LSF, EV 100.0 MPH)
Batting: LHB Rowdy Tellez 0-0: Ball
1-0: Called Strike
1-1: Called Strike
1-2: Foul Ball, location: 2F
1-2: Ball
2-2: Ground out 6-3 (Groundball, 6M, EV 87.5 MPH)
Batting: SHB Anthony Santander 0-0: Called Strike
0-1: DOUBLE (Line Drive, 9LS, EV 108.8 MPH)
Batting: LHB Eric Sogard 0-0: Ball
1-0: Ball
2-0: Ball
3-0: Base on Balls
Batting: LHB Ben Revere 0-0: Ball
1-0: Ball
2-0: Foul Ball, location: 2F
2-1: DOUBLE (Line Drive, 78D, EV 106.3 MPH)
Anthony Santander scores
Eric Sogard to third
Batting: LHB Brandon Nimmo 0-0: Called Strike
0-1: Ground out 4-3 (Groundball, 4, EV 86.9 MPH)
Top of the 2nd over - 1 run, 2 hits, 0 errors, 2 left on base; Seattle 1 - Toronto 1
BOTTOM OF THE 2ND
Toronto Blue Jays batting - Pitching for Seattle Mariners : RHP Luis M. Castillo
Batting: SHB Matt Wieters 0-0: Ball
1-0: Foul Ball, location: 2F
1-1: Called Strike
1-2: Ball
2-2: Ground out 5-3 (Groundball, 56, EV 85.0 MPH)
Batting: RHB Juan Lagares 0-0: Called Strike
0-1: Ball
1-1: Foul Ball, location: 2F
1-2: Fly out, F5 (Popup, 56S, EV 75.6 MPH)
Batting: RHB Dixon Machado 0-0: Ball
1-0: Ball
2-0: Fly out, F8 (Flyball, 89D, EV 75.0 MPH)
Bottom of the 2nd over - 0 runs, 0 hits, 0 errors, 0 left on base; Seattle 1 - Toronto 1
TOP OF THE 3RD
Seattle Mariners batting - Pitching for Toronto Blue Jays : RHP Michael Fulmer
Batting: RHB Manny Machado 0-0: Called Strike
0-1: Swinging Strike
0-2: Ground out 5-3 (Groundball, 5, EV 101.3 MPH)
Batting: RHB Brian Dozier 0-0: Ground out 6-3 (Groundball, 6, EV 87.5 MPH)
Batting: RHB Willians Astudillo 0-0: Called Strike
0-1: Ground out 1-3 (Groundball, P, EV 65.0 MPH)
Top of the 3rd over - 0 runs, 0 hits, 0 errors, 0 left on base; Seattle 1 - Toronto 1
BOTTOM OF THE 3RD
Toronto Blue Jays batting - Pitching for Seattle Mariners : RHP Luis M. Castillo
Batting: RHB Keon Broxton 0-0: SOLO HOME RUN (Flyball, 7LD, EV 88.8 MPH), Distance : 355 ft
Batting: RHB Elvis Andrus 0-0: Ball
1-0: Called Strike
1-1: SINGLE (Flyball, 78S, EV 83.1 MPH)
Batting: RHB Nicholas Castellanos 0-0: Ball
1-0: Swinging Strike
1-1: Ball
2-1: Foul Ball, location: 2F
2-2: Fielders Choice at 2nd, 6-4 (Groundball, 6S, EV 86.9 MPH)
Batting: SHB Josh Bell 0-0: Ball
1-0: Foul Ball, location: 2F
1-1: Ball
2-1: Foul Ball, location: 2F
2-2: Grounds into double play, U6-3 (Groundball, 4M, EV 81.3 MPH)
Bottom of the 3rd over - 1 run, 2 hits, 0 errors, 0 left on base; Seattle 1 - Toronto 2
TOP OF THE 4TH
Seattle Mariners batting - Pitching for Toronto Blue Jays : RHP Michael Fulmer
Batting: RHB Matt Kemp 0-0: Ball
1-0: Ground out 6-3 (Groundball, 6M, EV 98.1 MPH)
Batting: LHB Rowdy Tellez 0-0: Ball
1-0: Foul Ball, location: 2F
1-1: Swinging Strike
1-2: Ball
2-2: Ball
3-2: Foul Ball, location: 2F
3-2: Strikes out looking
Batting: SHB Anthony Santander 0-0: Swinging Strike
0-1: SINGLE (Flyball, 9LS, EV 90.0 MPH)
Batting: LHB Eric Sogard 0-0: Called Strike
0-1: Ball
1-1: Swinging Strike
1-2: Strikes out swinging
Top of the 4th over - 0 runs, 1 hit, 0 errors, 1 left on base; Seattle 1 - Toronto 2
BOTTOM OF THE 4TH
Toronto Blue Jays batting - Pitching for Seattle Mariners : RHP Luis M. Castillo
Batting: RHB Yoenis Cespedes 0-0: Ball
1-0: Foul Ball, location: 2F
1-1: Ball
2-1: SOLO HOME RUN (Line Drive, 89XD, EV 104.4 MPH), Distance : 406 ft
Batting: RHB Aledmys Diaz 0-0: Ball
1-0: Called Strike
1-1: Swinging Strike
1-2: Ball
2-2: Ball
3-2: SINGLE (Line Drive, 78S, EV 100.6 MPH)
Batting: SHB Matt Wieters 0-0: Called Strike
0-1: Swinging Strike
0-2: Strikes out swinging
Batting: RHB Juan Lagares 0-0: Ball
1-0: Swinging Strike
1-1: Foul Ball, location: 2F
1-2: Strikes out swinging
Batting: RHB Dixon Machado 0-0: Called Strike
0-1: Foul Ball, location: 2F
0-2: Ball
1-2: Strikes out looking
Bottom of the 4th over - 1 run, 2 hits, 0 errors, 1 left on base; Seattle 1 - Toronto 3
TOP OF THE 5TH
Seattle Mariners batting - Pitching for Toronto Blue Jays : RHP Michael Fulmer
Batting: LHB Ben Revere 0-0: SINGLE (Groundball, 4MD, EV 99.4 MPH)
Batting: LHB Brandon Nimmo 0-0: Ball
1-0: Ball
2-0: Ball
3-0: Base on Balls
Ben Revere to second
Batting: RHB Manny Machado 0-0: Ball
1-0: Foul Ball, location: 2F
1-1: Ball
2-1: Foul Ball, location: 2F
2-2: Ball
3-2: Base on Balls
Ben Revere to third
Brandon Nimmo to second
Batting: RHB Brian Dozier 0-0: Swinging Strike
0-1: SINGLE (Line Drive, 56D, EV 98.8 MPH)
Ben Revere scores
Brandon Nimmo to third
Manny Machado to second
Batting: RHB Willians Astudillo 0-0: Ball
1-0: Fly out, F7 (Flyball, 7S, EV 88.1 MPH)
Batting: RHB Matt Kemp 0-0: Ball
1-0: Foul Ball, location: 2F
1-1: Ball
2-1: Fly out, F7 (Flyball, 7S, EV 86.9 MPH)
Batting: LHB Rowdy Tellez 0-0: Called Strike
0-1: Called Strike
0-2: Foul Ball, location: 2F
0-2: Foul Ball, location: 2F
0-2: Ball
1-2: DOUBLE (Groundball, 3L, EV 107.5 MPH)
Brandon Nimmo scores
Manny Machado scores
Brian Dozier to third
Batting: SHB Anthony Santander 0-0: Called Strike
0-1: Ball
1-1: Called Strike
1-2: Foul Ball, location: 2F
1-2: Foul Ball, location: 2F
1-2: Strikes out swinging
Top of the 5th over - 3 runs, 3 hits, 0 errors, 2 left on base; Seattle 4 - Toronto 3
BOTTOM OF THE 5TH
Toronto Blue Jays batting - Pitching for Seattle Mariners : RHP Luis M. Castillo
Batting: RHB Keon Broxton 0-0: Called Strike
0-1: Foul Ball, location: 2F
0-2: Ball
1-2: Ball
2-2: Strikes out swinging
Batting: RHB Elvis Andrus 0-0: Ball
1-0: Ground out 6-3 (Groundball, 56, EV 81.3 MPH)
Batting: RHB Nicholas Castellanos 0-0: Called Strike
0-1: Ball
1-1: Foul Ball, location: 2F
1-2: Strikes out swinging
Bottom of the 5th over - 0 runs, 0 hits, 0 errors, 0 left on base; Seattle 4 - Toronto 3
TOP OF THE 6TH
Seattle Mariners batting - Pitching for Toronto Blue Jays : RHP Michael Fulmer
Pitching: RHP Danny Barnes
Batting: LHB Eric Sogard 0-0: Fly out, F8 (Flyball, 8LS, EV 91.3 MPH)
Batting: LHB Ben Revere 0-0: Ball
1-0: Called Strike
1-1: Called Strike
1-2: Strikes out swinging
Batting: LHB Brandon Nimmo 0-0: Foul Ball, location: 2F
0-1: Ball
1-1: Fly out, F5 (Popup, 25F, EV 85.6 MPH)
Top of the 6th over - 0 runs, 0 hits, 0 errors, 0 left on base; Seattle 4 - Toronto 3
BOTTOM OF THE 6TH
Toronto Blue Jays batting - Pitching for Seattle Mariners : RHP Luis M. Castillo
Batting: SHB Josh Bell 0-0: Ball
1-0: Ball
2-0: Foul Ball, location: 2F
2-1: Foul Ball, location: 2F
2-2: Strikes out swinging
Batting: RHB Yoenis Cespedes 0-0: Swinging Strike
0-1: Ball
1-1: Foul Ball, location: 2F
1-2: Foul Ball, location: 2F
1-2: Fly out, F8 (Flyball, 8RM, EV 90.6 MPH)
Batting: RHB Aledmys Diaz 0-0: Called Strike
0-1: Ground out 1-3 (Groundball, P, EV 65.6 MPH)
Bottom of the 6th over - 0 runs, 0 hits, 0 errors, 0 left on base; Seattle 4 - Toronto 3
TOP OF THE 7TH
Seattle Mariners batting - Pitching for Toronto Blue Jays : RHP Danny Barnes
Pitching: RHP Trevor Rosenthal
Batting: RHB Manny Machado 0-0: Called Strike
0-1: Ball
1-1: Fly out, F9 (Flyball, 9S, EV 85.0 MPH)
Batting: RHB Brian Dozier 0-0: Ground out 5-3 (Groundball, 56, EV 102.5 MPH)
Batting: RHB Willians Astudillo 0-0: Ball
1-0: SINGLE (Line Drive, 78S, EV 109.4 MPH)
Batting: RHB Matt Kemp 0-0: Swinging Strike
0-1: Ball
1-1: Foul Ball, location: 2F
1-2: Foul Ball, location: 2F
1-2: Foul Ball, location: 2F
1-2: Strikes out swinging
Top of the 7th over - 0 runs, 1 hit, 0 errors, 1 left on base; Seattle 4 - Toronto 3
BOTTOM OF THE 7TH
Toronto Blue Jays batting - Pitching for Seattle Mariners : RHP Luis M. Castillo
Pitching: RHP Emilio Pagan
Batting: SHB Matt Wieters 0-0: Fly out, F8 (Flyball, 78M, EV 93.1 MPH)
Batting: RHB Juan Lagares 0-0: Called Strike
0-1: Ball
1-1: SINGLE (Groundball, 56D, EV 110.0 MPH)
Pinch Hitting: RHB Jorge Soler 0-0: Ball
1-0: Ball
2-0: Ball
3-0: Called Strike
3-1: Base on Balls
Juan Lagares to second
Batting: RHB Keon Broxton 0-0: Called Strike
0-1: Foul Ball, location: 2F
0-2: Strikes out swinging
Batting: RHB Elvis Andrus 0-0: Fly out, F3 (Popup, 34, EV 72.5 MPH)
Bottom of the 7th over - 0 runs, 1 hit, 0 errors, 2 left on base; Seattle 4 - Toronto 3
TOP OF THE 8TH
Seattle Mariners batting - Pitching for Toronto Blue Jays : RHP Trevor Rosenthal
Pitching: RHP Mason McCullough
Now at 2B: Calten Daal
Batting: LHB Rowdy Tellez 0-0: Called Strike
0-1: Ball
1-1: Foul Ball, location: 2F
1-2: Ball
2-2: Strikes out looking
Batting: SHB Anthony Santander 0-0: Called Strike
0-1: Ball
1-1: TRIPLE (Flyball, 89XD, EV 107.5 MPH)
Batting: LHB Eric Sogard 0-0: Ball
1-0: Swinging Strike
1-1: Called Strike
1-2: Ball
2-2: Strikes out swinging
Batting: LHB Ben Revere 0-0: Ball
1-0: Called Strike
1-1: Ball
2-1: Ground out U3 (Groundball, 3S, EV 88.8 MPH)
Top of the 8th over - 0 runs, 1 hit, 0 errors, 1 left on base; Seattle 4 - Toronto 3
BOTTOM OF THE 8TH
Toronto Blue Jays batting - Pitching for Seattle Mariners : RHP Emilio Pagan
Pitching: RHP John Brebbia
Batting: RHB Nicholas Castellanos 0-0: Called Strike
0-1: Ball
1-1: Swinging Strike
1-2: Strikes out swinging
Batting: SHB Josh Bell 0-0: Ground out U3 (Groundball, 3L, EV 81.9 MPH)
Batting: RHB Yoenis Cespedes 0-0: Foul Ball, location: 2F
0-1: Ball
1-1: Swinging Strike
1-2: DOUBLE (Flyball, 8LXD, EV 90.6 MPH)
Batting: RHB Aledmys Diaz 0-0: Foul Ball, location: 2F
0-1: Swinging Strike
0-2: Ball
1-2: Ball
2-2: Foul Ball, location: 2F
2-2: Ball
3-2: Base on Balls
Batting: SHB Matt Wieters 0-0: Foul Ball, location: 2F
0-1: Called Strike
0-2: Ball
1-2: Foul Ball, location: 2F
1-2: SINGLE (Groundball, 6, EV 106.3 MPH) (infield hit)
Yoenis Cespedes to third
Aledmys Diaz to second
Batting: RHB Juan Lagares 0-0: Swinging Strike
0-1: Foul Ball, location: 2F
0-2: Ball
Wild Pitch!
Yoenis Cespedes scores
Aledmys Diaz to third
Matt Wieters to second
1-2: Ball
2-2: Ball
3-2: Intentional Walk
Batting: RHB Calten Daal 0-0: Ground out 3-1 (Groundball, 34, EV 105.6 MPH)
Bottom of the 8th over - 1 run, 2 hits, 0 errors, 3 left on base; Seattle 4 - Toronto 4
TOP OF THE 9TH
Seattle Mariners batting - Pitching for Toronto Blue Jays : RHP Mason McCullough
Pitching: RHP Ken Giles
Batting: LHB Brandon Nimmo 0-0: Called Strike
0-1: Ball
1-1: Called Strike
1-2: Ball
2-2: Ball
3-2: Base on Balls
Batting: RHB Manny Machado 0-0: Called Strike
0-1: Foul Ball, location: 2F
0-2: Ball
Wild Pitch!
Brandon Nimmo to second
1-2: SINGLE (Groundball, 6MD, EV 95.6 MPH)
Brandon Nimmo to third
Batting: RHB Brian Dozier 0-0: Ball
1-0: Foul Ball, location: 2F
1-1: Ball
2-1: Ground out 4-3 (Groundball, 4, EV 109.4 MPH)
Manny Machado to second
Batting: RHB Willians Astudillo 0-0: Ball
1-0: Foul Ball, location: 2F
1-1: Called Strike
1-2: Strikes out swinging
Batting: RHB Matt Kemp 0-0: Ball
1-0: Swinging Strike
1-1: Ball
2-1: Swinging Strike
2-2: Strikes out swinging
Top of the 9th over - 0 runs, 1 hit, 0 errors, 2 left on base; Seattle 4 - Toronto 4
BOTTOM OF THE 9TH
Toronto Blue Jays batting - Pitching for Seattle Mariners : RHP John Brebbia
Pitching: RHP Arquimedes Caminero
Batting: RHB Keon Broxton 0-0: Ball
1-0: Ball
2-0: Swinging Strike
2-1: Foul Ball, location: 2F
2-2: Foul Ball, location: 2F
2-2: Ball
3-2: Strikes out swinging
Batting: RHB Elvis Andrus 0-0: Called Strike
0-1: Ball
1-1: Ball
2-1: Ball
3-1: Base on Balls
Pitching: LHP Zach Duke
Batting: RHB Nicholas Castellanos 0-0: Ball
1-0: Ball
2-0: Called Strike
2-1: SINGLE (Flyball, 3D, EV 97.5 MPH)
Elvis Andrus to second
Batting: SHB Josh Bell 0-0: Ball
1-0: Swinging Strike
1-1: Foul Ball, location: 2F
1-2: Fly out, F7 (Flyball, 78M, EV 93.8 MPH)
Batting: RHB Yoenis Cespedes 0-0: Called Strike
0-1: Foul Ball, location: 2F
0-2: Foul Ball, location: 2F
0-2: Ball
1-2: Ball
2-2: Fly out, F3 (Popup, 23F, EV 84.4 MPH)
Bottom of the 9th over - 0 runs, 1 hit, 0 errors, 2 left on base; Seattle 4 - Toronto 4
TOP OF THE 10TH
Seattle Mariners batting - Pitching for Toronto Blue Jays : RHP Ken Giles
Pitching: RHP Shelby Miller
Batting: LHB Rowdy Tellez 0-0: Foul Ball, location: 2F
0-1: Fly out, F9 (Flyball, 9S, EV 71.9 MPH)
Batting: SHB Anthony Santander 0-0: SOLO HOME RUN (Flyball, 9D, EV 87.5 MPH), Distance : 375 ft
Batting: LHB Eric Sogard 0-0: Foul Ball, location: 2F
0-1: Ball
1-1: Swinging Strike
1-2: Strikes out swinging
Batting: LHB Ben Revere 0-0: Ball
1-0: Ball
2-0: Ground out U3 (Groundball, 3L, EV 89.4 MPH)
Top of the 10th over - 1 run, 1 hit, 0 errors, 0 left on base; Seattle 5 - Toronto 4
BOTTOM OF THE 10TH
Toronto Blue Jays batting - Pitching for Seattle Mariners : LHP Zach Duke
Pitching: LHP Brad Hand
Batting: RHB Aledmys Diaz 0-0: Called Strike
0-1: Fly out, F7 (Flyball, 78D, EV 93.8 MPH)
Batting: SHB Matt Wieters 0-0: Ball
1-0: Ball
2-0: Called Strike
2-1: Foul Ball, location: 2F
2-2: Ball
3-2: Fly out, F9 (Flyball, 89M, EV 89.4 MPH)
Batting: RHB Juan Lagares 0-0: Called Strike
0-1: Ball
1-1: Ball
2-1: Foul Ball, location: 2F
2-2: SINGLE (Line Drive, 89M, EV 88.8 MPH)
Pinch Hitting: RHB Travis d'Arnaud 0-0: Ball
1-0: Ball
2-0: Foul Ball, location: 2F
2-1: Ball
3-1: Hit by Pitch
Juan Lagares to second
Batting: RHB Keon Broxton 0-0: Called Strike
0-1: Called Strike
0-2: Strikes out looking
Bottom of the 10th over - 0 runs, 1 hit, 0 errors, 2 left on base; Seattle 5 - Toronto 4
Friday, November 22nd, 2019 - OOTP Baseball 20.8 Build 73